 Dungeon Crawl Stone Soup version 0.29-a0-275-g389c0b56f3 (webtiles) character file.

Game seed: 64940288181342816

374 lunkers the Digger (level 6, 0/36 HPs)
             Began as an Octopode Earth Elementalist on Mar 9, 2022.
             Slain by an ufetubus (3 damage)
             ... in a sewer on Mar 11, 2022.
             The game lasted 00:09:34 (4426 turns).

lunkers the Digger (Octopode Earth Elementalist)    Turns: 4426, Time: 00:09:35

Health: 0/36       AC:  1    Str: 13    XL:     6   Next: 72%
Magic:  5/20       EV: 13    Int: 20    God:
Gold:   146        SH:  0    Dex: 12    Spells: 6/12 levels left

rFire   . . .      SeeInvis .   u - +0 dagger (drain)
rCold   . . .      Faith    .   (no shield)
rNeg    . . .      Spirit   .   (helmet restricted)
rPois   .          Reflect  .   (no amulet)
rElec   .          Harm     .   i - +6 ring of strength
rCorr   .          Rampage  .   a - ring of magical power
Will    .....                   (no ring)
Stlth   +++.......              (no ring)
HPRegen 0.12/turn               (no ring)
MPRegen 0.17/turn               (no ring)
                                (no ring)
                                (no ring)

@: no status effects
A: almost no armour, amphibious, 8 rings, camouflage 1, gelatinous body 1,
(nimble swimmer 1), tentacles
a: no special abilities


You were in a sewer.
You visited 1 branch of the dungeon, and saw 4 of its levels.
You also visited: Sewer.

You collected 146 gold pieces.

Inventory:

Hand Weapons
 u - a +0 dagger of draining (weapon)
Missiles
 r - 21 stones
Jewellery
 a - a ring of magical power (right tentacle)
 i - a +6 ring of strength (left tentacle)
Scrolls
 d - a scroll of immolation {unknown}
 f - a scroll of enchant weapon {unknown}
 g - 2 scrolls of identify {unknown}
 k - a scroll of brand weapon {unknown}
 m - 2 scrolls of vulnerability {unknown}
 o - a scroll of acquirement {unknown}
 q - a scroll of teleportation {unknown}
 s - a scroll of amnesia {unknown}
Potions
 b - a potion of magic
 c - a potion of heal wounds {unknown}
 e - 3 potions of curing {unknown}
 h - 2 potions of brilliance
 j - a potion of might {unknown}
 l - 2 potions of resistance
 n - a potion of attraction {unknown}
 p - a potion of degeneration {unknown}
 t - a potion of flight {unknown}


   Skills:
 - Level 2.0 Dodging
 - Level 2.6 Stealth
 + Level 3.6 Spellcasting
 + Level 2.5 Conjurations
 - Level 1.0 Transmutations
 * Level 5.7 Earth Magic


You had 6 spell levels left.
You knew the following spells:

 Your Spells              Type           Power      Damage    Failure   Level
a - Stone Arrow           Conj/Erth      40%        3d9       7%          3
b - Passwall              Tmut/Erth      14%        N/A       4%          2
c - Sandblast             Erth           52%        2d12      1%          1

Your spell library contained the following spells:

 Spells                   Type           Power      Damage    Failure   Level
 Animate Skeleton         Necr           6%         N/A       14%         1
 Apportation              Tloc           6%         N/A       14%         1
 Pain                     Necr           12%        1d4       14%         1
 Dazzling Flash           Conj/Hex       16%        N/A       24%         3
 Petrify                  Tmut/Erth      17%        N/A       32%         4
 Ozocubu's Armour         Ice            3%         N/A       38%         3
 Portal Projectile        Hex/Tloc       6%         N/A       38%         3
 Vampiric Draining        Necr           3%         2d6       38%         3
 Iskenderun's Mystic Bla  Conj/Tloc      8%         2d4       61%         4
 Blade Hands              Tmut           3%         N/A       94%         5
 Alistair's Intoxication  Tmut/Pois      3%         N/A       97%         5
 Excruciating Wounds      Necr           1%         N/A       98%         5
 Starburst                Conj/Fire      4%         6d3       100%        6
 Ozocubu's Refrigeration  Ice            1%         4d5       100%        7


Dungeon Overview and Level Annotations

Branches:
Dungeon (4/15)              Sewer (1/1)
 Temple: D:4-7

Altars:
Okawaru

Annotations:
Sewer Grinder


Innate Abilities, Weirdness & Mutations

You cannot wear most types of armour.
You are amphibious.
You can wear up to eight rings at the same time.
Your skin changes colour to match your surroundings (Stealth+).
Your rubbery body absorbs attacks. (AC +1, EV +1)
((You are camouflaged when in or above water. (Stealth+)))
You have tentacles for arms and can constrict up to eight enemies at once.


Message History

Confirm with . or Enter, or press ? or * to list all spells.
The stone arrow misses the kobold brigand.
The kobold shouts!
The kobold brigand shouts!
The kobold brigand drinks a potion.
The kobold brigand seems to speed up.
Casting: Stone Arrow (dangerous; 7% risk of failure)
Confirm with . or Enter, or press ? or * to list all spells.
The stone arrow hits the kobold brigand.
The kobold brigand is lightly wounded.
* * * LOW MAGIC WARNING * * *
Grinder comes into view.
The kobold brigand hits you with a +0 flail!
You barely miss the kobold brigand. Your grab misses the kobold brigand.
The kobold brigand is lightly wounded.
The kobold brigand hits you with a +0 flail!
* * * LOW HITPOINT WARNING * * *
The ufetubus closely misses you. The ufetubus barely misses you.
The kobold brigand misses you. The ufetubus misses you. The ufetubus hits you.
* * * LOW HITPOINT WARNING * * *
The ufetubus hits you.
* * * LOW HITPOINT WARNING * * *
The ufetubus closely misses you. The ufetubus attacks as you move away!
The ufetubus hits you.
* * * LOW HITPOINT WARNING * * *
The ufetubus misses you.
The kobold brigand hits you with a +0 flail!
* * * LOW HITPOINT WARNING * * *
The ufetubus barely misses you. The ufetubus hits you.
* * * LOW HITPOINT WARNING * * *
Items here: ! ( )) ÷ †.
Casting: Stone Arrow (dangerous; 7% risk of failure)
Confirm with . or Enter, or press ? or * to list all spells.
Aiming: Sandblast (safe; 1% risk of failure)
Press: ? - help, Shift-Dir - straight line, f/p - kobold brigand
Aim: a kobold brigand, wielding a +0 flail, wearing the +4 Cigotuvi's embrace {rMiasma Drain rN+} and quivering poisoned darts (lightly wounded, fast, 76% to hit)
The blast of sand hits the ufetubus.
The ufetubus is heavily wounded.
* * * LOW MAGIC WARNING * * *
The ufetubus hits you.
You die...

≈≈≈#..§.§..#≈≈≈
...'.......'...
...'.§._.§.'...
.'.......'. ...§.5.
#.))#
#######'#############
≈≈≈≈≈#..)#≈≈≈≈≈≈#≈≈≈#
.≈≈≈≈.)KK5@≈≈≈≈.≈.≈≈#
.....#...#......#≈≈≈#
#######≈#######)#≈≈≈#
#≈≈≈#.....)#≈)≈#
≈..#≈≈≈#..≈≈≈≈#≈≈≈#
≈≈≈...≈5.).≈≈≈≈#≈≈≈#
≈≈≈≈#)..#≈≈≈≈≈≈#≈≈≈#
≈≈≈≈≈#...≈≈≈≈≈≈≈#≈≈≈#
≈≈≈≈ #...#≈≈≈≈≈≈#≈≈≈#


You could see a kobold brigand (fast), an ufetubus and a kobold.

Vanquished Creatures
  A kobold brigand (Sewer)
  A scorpion (D:4)
  A quasit (Sewer)
  Terence (D:3)
  Natasha (twice) (D:3 D:2)
  2 adders
  A river rat (D:4)
  A shadow imp (Sewer)
  2 ufetubi (Sewer)
  A worm (D:4)
  2 dart slugs
  2 orcs
  6 bats
  9 endoplasms
  2 giant cockroaches
  5 goblins
  4 hobgoblins
  7 jackals
  8 quokkas
  4 ball pythons
  A frilled lizard (D:3)
  19 kobolds
  2 kobold zombies (Sewer)
  5 rats
89 creatures vanquished.

Vanquished Creatures (others)
  A kobold zombie (Sewer)
1 creature vanquished.

Grand Total: 90 creatures vanquished

Notes
Turn   | Place    | Note
-------+----------+-------------------------------------------
     0 | D:1      | lunkers the Octopode Earth Elementalist began the quest for
                  | the Orb.
     0 | D:1      | Reached XP level 1. HP: 11/11 MP: 3/3
   191 | D:1      | Reached XP level 2. HP: 17/17 MP: 1/5
   200 | D:1      | Found a faded altar of an unknown god.
   252 | D:1      | You fall into a shaft and drop 1 floor!
   694 | D:1      | Reached XP level 3. HP: 21/21 MP: 4/6
  1077 | D:2      | Reached skill level 4 in Earth Magic
  1083 | D:1      | Learned a level 2 spell: Passwall
  1087 | D:1      | Learned a level 3 spell: Stone Arrow
  1248 | D:2      | Found an iron altar of Okawaru.
  1606 | D:3      | Noticed Natasha
  1619 | D:3      | Killed Natasha
  1620 | D:3      | Reached XP level 4. HP: 4/27 MP: 4/8
  2005 | D:3      | Noticed Natasha
  2164 | D:2      | Killed Natasha
  2165 | D:2      | Reached skill level 1 in Conjurations
  2715 | D:3      | Reached XP level 5. HP: 31/31 MP: 9/9
  3065 | D:3      | Noticed Terence
  3071 | D:3      | Killed Terence
  3578 | D:4      | Reached skill level 5 in Earth Magic
  3674 | D:4      | Reached XP level 6. HP: 36/36 MP: 10/10
  3693 | D:4      | Found a glowing drain.
  3736 | Sewer    | Entered a sewer
  4137 | Sewer    | Found a burning altar of Makhleb.
  4421 | Sewer    | Noticed Grinder
  4426 | Sewer    | Slain by an ufetubus

Illustrated notes

Levels and vault maps discovered:
D:1:      scummos_arrival_simple_crosswalls, layout_loops_ring,
          shapermc_ecumenical_altar_venn, minmay_heptomino_h4
D:2:      layout_rooms, basic_altar
D:3:      minmay_skewed_foursquare, layout_basic, uniq_terence, uniq_natasha
D:4:      layout_basic, minmay_temple_entry_offerings, gup_sewer_entry_bowl
Sewer:    kennysheep_sewer_church

Skill      XL: |  1  2  3  4  5 |
---------------+----------------+-----
Earth Magic    | 4 5 |  5.7
Conjurations   | 1 2 |  2.5
Spellcasting   | 3 |  3.6
Dodging        | |  2.0
Stealth        | |  2.6
Transmutations | |  1.0

Action                   |  1- 3 |  4- 6 || total
-------------------------+-------+-------++-------
Melee: Unarmed           |     2 |    29 ||    31
       Tentacles         |     1 |     9 ||    10
       Constrict         |     1 |     8 ||     9
       Dagger            |       |     9 ||     9
 Cast: Sandblast         |    50 |     1 ||    51
       Stone Arrow       |     1 |    55 ||    56
Armor: Skin              |     2 |     6 ||     8
Dodge: Dodged            |    10 |    48 ||    58

Table legend: (Time is in decaauts)
 A = Elapsed time spent in this place.
 B = Non-inter-level travel time spent in this place.
 C = Inter-level travel time spent in this place.
 D = Time resting spent in this place.
 E = Time spent auto-exploring this place.
 F = Levels seen in this place.
 G = Mean time per level.
                   A        B        C        D        E       F      G
               +--------+--------+--------+--------+--------+-----+--------+
         Total |   4433 |   4338 |     95 |    739 |   3034 |   5 |  886.6 |
       Dungeon |   3744 |   3649 |     95 |    560 |   2661 |   4 |  936.0 |
         Sewer |    689 |    689 |      0 |    179 |    373 |   1 |  689.0 |
               +--------+--------+--------+--------+--------+-----+--------+

Top non-repeatable levels by time:
     D:3: 1818 daAuts
     D:1: 1135 daAuts
   Sewer: 689 daAuts
     D:2: 576 daAuts
     D:4: 213 daAuts
